 Dungeon Crawl Stone Soup version 0.27.0 (webtiles) character file.

Game seed: 4226211140808529092

5154 frimble the Grappler (level 10, -14/100 HPs)
             Began as a Troll Warper on July 31, 2021.
             Was an Initiate of Cheibriados.
             Killed from afar by a balrug (23 damage)
             ... with a bolt of fire
             ... on level 1 of the Abyss.
             The game lasted 00:12:10 (6230 turns).

frimble the Grappler (Troll Warper)                 Turns: 6230, Time: 00:12:10

Health: -14/100    AC:  7    Str: 22    XL:     10   Next: 33%
Magic:  11/13      EV: 14    Int: 13    God:    Cheibriados [......]
Gold:   346        SH:  0    Dex: 10    Spells: 13/15 levels left

rFire    + . .     SeeInvis .     - Unarmed
rCold    + . .     Faith    .   (no shield)
rNeg     . . .     Spirit   .   a - +1 robe
rPois    +         Reflect  .   (helmet restricted)
rElec    +         Harm     .   x - +1 cloak
rCorr    +         Rampage  .   (gloves unavailable)
Will     +....                  (boots unavailable)
Stlth    +.........             (no amulet)
HPRegen  1.26/turn              j - +4 ring of evasion
MPRegen  0.13/turn              e - ring of willpower

@: resistant, very slow
A: large, unfitting armour, claws 3, regeneration 1, shaggy fur 1, tough skin 1
a: Renounce Religion, Bend Time


You were on level 1 of the Abyss.
You worshipped Cheibriados.
Cheibriados was noncommittal.
You visited 2 branches of the dungeon, and saw 9 of its levels.
You visited the Abyss 1 time.

You collected 346 gold pieces.

Inventory:

Missiles
 c - 2 boomerangs of dispersal
 h - 7 javelins (quivered)
 s - a throwing net
Armour
 a - a +1 robe (worn)
 x - a +1 cloak (worn)
Jewellery
 e - a ring of willpower (right claw)
 j - a +4 ring of evasion (left claw)
Wands
 i - a wand of charming (5)
 u - a wand of iceblast (14)
Scrolls
 n - 2 scrolls of magic mapping
Potions
 l - a potion of flight
 o - 2 potions of curing
 q - 3 potions of attraction
 t - a potion of haste


   Skills:
 + Level 6.9 Fighting
 - Level 6.0 Throwing
 - Level 2.0 Dodging
 + Level 8.2 Unarmed Combat
 - Level 3.0 Spellcasting
 - Level 4.0 Translocations
 + Level 2.6 Invocations
 - Level 3.0 Evocations


You had 13 spell levels left.
You knew the following spells:

 Your Spells              Type           Power      Damage    Failure   Level
a - Blink                 Tloc           N/A        N/A       7%          2

Your spell library contained the following spells:

 Spells                   Type           Power      Damage    Failure   Level
 Gell's Gravitas          Tloc           6%         N/A       13%         3
 Lesser Beckoning         Tloc           6%         N/A       13%         3
 Teleport Other           Tloc           12%        N/A       13%         3
 Ozocubu's Armour         Ice            1%         N/A       56%         3
 Manifold Assault         Tloc           12%        N/A       77%         5
 Metabolic Englaciation   Hex/Ice        0%         N/A       99%         5
 Simulacrum               Ice/Necr       0%         N/A       100%        6


Dungeon Overview and Level Annotations

Branches:
Dungeon (8/15)             Temple (1/1) D:7
   Lair: D:8-11

Altars:
Cheibriados
Dithmenos
Elyvilon
Fedhas
Hepliaklqana
Makhleb
Nemelex Xobeh
Okawaru
Qazlal
Ru
Trog
Uskayaw
Vehumet
Wu Jian
Xom
Yredelemnul
Zin
The Shining One

Annotations:
D:6 dig potion


Innate Abilities, Weirdness & Mutations

You are too large for most types of armour.
You have claws for hands.
Your natural rate of healing is unusually fast.
You are covered in fur. (AC +1)
You have tough skin. (AC +1)


Message History

The sixfirhy barely misses you.
You scratch the sixfirhy but do no damage.
The sixfirhy is heavily wounded.
The sixfirhy hits you!
* * * LOW HITPOINT WARNING * * *
The sixfirhy shocks you!
* * * LOW HITPOINT WARNING * * *
The sixfirhy hits you!
* * * LOW HITPOINT WARNING * * *
The sixfirhy shocks you!
* * * LOW HITPOINT WARNING * * *
You barely miss the sixfirhy.
The sixfirhy is heavily wounded.
The vampire mage mumbles some strange words.
The vampire mage flickers and vanishes!
Deactivating autopickup; reactivate with Ctrl-A.
Blink to where?
Press: ? - help, Dir - move target
As you read the scroll of blinking, it crumbles to dust.
A sun demon comes into view. x2
Okay, then.
Unknown command.
You feel protected.
The sun demon shouts!
A balrug comes into view.
It is wielding a +1 demon whip of flaming.
An ancient zyme comes into view.
You feel yourself growing ill in the presence of the ancient zyme.
You can't see any enemies this would affect, really read the scroll of fear? [Y]es or [N]o only, please.
You can't see any enemies this would affect, really read the scroll of fear? [Y]es or [N]o only, please.
You can't see any enemies this would affect, really read the scroll of fear?
As you read the scroll of fear, it crumbles to dust.
You assume a fearsome visage.
The ancient zyme is unaffected.
The balrug is unaffected.
The sun demon is unaffected. x2
The balrug shouts!
You hear a shout!
The balrug gestures at you.
The bolt of fire hits the sun demon.
The sun demon completely resists.
The bolt of fire hits you!! You resist.
You die...

## ###.##### #
.......#####
#........#.#####
##........#.#...#
#.....⌠.........###
##.......3...@...#.#
#...{..{...........#
##...###...##.33##...
# #....§§ ##.###.#..#
# #. . .$§
3#............ .#..#
###§# ..##.#..#.x#
#.... # #.#### #2...
.#. . # # . ...#. # #
#.## #.


You could see a balrug, 2 sun demons, an ancient zyme and a sixfirhy (slow).

Vanquished Creatures
  A two-headed ogre (D:6)
  A sixfirhy (Abyss:1)
  A will-o-the-wisp (Abyss:1)
  A frost giant simulacrum (Abyss:1)
  Sigmund (D:2)
  Eustachio (D:4)
  A large abomination (Abyss:1)
  A steam dragon (D:7)
  Menkaure (D:5)
  A water moccasin (D:7)
  2 sky beasts
  A hornet zombie (D:7)
  4 black bears
  2 ice beasts
  4 ogres
  A phantom (D:4)
  A kobold brigand (D:7)
  A gnoll sergeant (D:6)
  3 scorpions
  4 bullfrogs (D:7)
  A water moccasin skeleton (D:5)
  2 wyvern skeletons (D:5)
  A howler monkey (D:4)
  A hound (D:7)
  4 orc priests (D:7)
  3 jellies
  4 iguanas
  Jessica (D:2)
  4 orc wizards
  2 hound skeletons
  4 adders
  5 gnolls (D:6)
  A shadow imp (D:6)
  A worm (D:3)
  2 dart slugs
  20 orcs
  4 bats (D:1)
  4 endoplasms
  6 giant cockroaches
  7 goblins
  6 hobgoblins
  15 jackals
  4 quokkas
  5 ball pythons
  A frilled lizard (D:3)
  14 kobolds
  6 rats
161 creatures vanquished.

Vanquished Creatures (others)
  A raiju (Abyss:1)
  A black bear (D:5)
  8 foxfires (Abyss:1)
  4 fungi (D:1)
  3 plants (D:1)
17 creatures vanquished.

Grand Total: 178 creatures vanquished

Notes
Turn   | Place    | Note
-------+----------+-------------------------------------------
     0 | D:1      | frimble the Troll Warper began the quest for the Orb.
     0 | D:1      | Reached XP level 1. HP: 19/19 MP: 1/1
     4 | D:1      | Noticed a death yak
    39 | D:1      | Reached skill level 1 in Throwing
    94 | D:1      | Reached XP level 2. HP: 28/28 MP: 3/3
   468 | D:1      | Reached XP level 3. HP: 35/35 MP: 4/4
   486 | D:1      | Found a faded altar of an unknown god.
   633 | D:1      | Noticed a death yak
  1308 | D:2      | Noticed Sigmund
  1377 | D:3      | Found a white marble altar of Elyvilon.
  1480 | D:3      | Reached XP level 4. HP: 33/42 MP: 5/5
  1549 | D:3      | Noticed an ice beast
  1839 | D:4      | Reached XP level 5. HP: 36/50 MP: 6/6
  1862 | D:4      | Reached skill level 3 in Unarmed Combat
  1938 | D:4      | Noticed a phantom
  1950 | D:4      | Noticed Eustachio
  1970 | D:4      | Killed a phantom
  1971 | D:4      | Reached XP level 6. HP: 19/59 MP: 6/8
  2002 | D:4      | Killed Eustachio
  2307 | D:4      | Reached XP level 7. HP: 67/67 MP: 9/9
  2587 | D:4      | Found an ornate altar of the Wu Jian Council.
  2779 | D:5      | Entered Level 5 of the Dungeon
  2783 | D:5      | Reached skill level 4 in Unarmed Combat
  2783 | D:5      | Noticed Menkaure
  2821 | D:5      | Killed Menkaure
  3012 | D:5      | Reached XP level 8. HP: 61/78 MP: 11/11
  3383 | D:5      | Reached skill level 5 in Unarmed Combat
  3703 | D:6      | Found a bloodstained altar of Trog.
  3758 | D:6      | Noticed a two-headed ogre
  3762 | D:6      | Learned a level 2 spell: Blink
  3823 | D:6      | Killed a two-headed ogre
  3824 | D:6      | Reached skill level 5 in Fighting
  3824 | D:6      | Reached skill level 5 in Throwing
  3824 | D:6      | Reached skill level 6 in Unarmed Combat
  3824 | D:6      | Reached XP level 9. HP: 86/88 MP: 8/12
  4368 | D:6      | Found a glowing golden altar of the Shining One.
  4368 | D:6      | Found a radiant altar of Vehumet.
  4559 | D:2      | Reached skill level 1 in Evocations
  4568 | D:2      | Noticed Jessica
  4570 | D:2      | Killed Jessica
  4661 | D:2      | Killed Sigmund
  5063 | D:7      | Reached skill level 7 in Unarmed Combat
  5144 | D:7      | Found a staircase to the Ecumenical Temple.
  5249 | Temple   | Entered the Ecumenical Temple
  5253 | Temple   | Became a worshipper of Cheibriados the Contemplative
  5855 | D:7      | Reached skill level 1 in Invocations
  5855 | D:7      | Reached XP level 10. HP: 73/100 MP: 13/13
  5979 | D:8      | Noticed a guardian serpent
  5980 | D:8      | Noticed a boulder beetle
  5982 | D:8      | Cast into level 1 of the Abyss (gnoll sergeant)
  6042 | Abyss:1  | Noticed a will-o-the-wisp
  6054 | Abyss:1  | Killed a will-o-the-wisp
  6115 | Abyss:1  | Noticed a sixfirhy
  6166 | Abyss:1  | Killed a sixfirhy
  6167 | Abyss:1  | Reached skill level 8 in Unarmed Combat
  6216 | Abyss:1  | Noticed a sixfirhy
  6224 | Abyss:1  | Noticed a vampire mage
  6225 | Abyss:1  | HP: 2/100 [sixfirhy (9)]
  6227 | Abyss:1  | Noticed a sun demon
  6227 | Abyss:1  | Noticed a sun demon
  6228 | Abyss:1  | Noticed a balrug
  6230 | Abyss:1  | Killed from afar by a balrug

Illustrated notes

Levels and vault maps discovered:
D:1:      sevenhm_arrival_forest_fort_small_2, layout_loops_ring,
          shapermc_ecumenical_altar_mp_urbaneastern, kennysheep_minor_cross,
          minmay_tetromino_t4
D:2:      layout_loops_corners, kennysheep_cluttered_room, uniq_sigmund,
          uniq_jessica
D:3:      layout_rooms, mainiacjoe_overflow_catwalk
D:4:      layout_gridville, lemuel_crystal_altar, uniq_eustachio
D:5:      layout_cave_pools, serial_column_ruins, column_ruins_open_tiny,
          column_ruins_grid_3, column_ruins_columns_straight, solitary_fountain,
          uniq_menkaure
D:6:      layout_loops_ring, trog_three_pillars_becter,
          gammafunk_temple_overflow_wave, minmay_statues_item
D:7:      layout_basic, minmay_temple_entry_stoned_glass
D:8:      minmay_the_grid_square_5x5_3x3
          [minmay_the_grid_square_5x5_two_walls_b,
          minmay_the_grid_square_5x5_seven,
          minmay_the_grid_square_5x5_sharp_hourglass,
          minmay_the_grid_square_5x5_inner_i,
          minmay_the_grid_square_5x5_megaprize_diamond,
          minmay_the_grid_square_5x5_lines,
          minmay_the_grid_square_5x5_tetrominoes, minmay_the_grid_square_5x5_c,
          minmay_the_grid_square_5x5_comb], layout_loops_cross, serial_shops,
          kennysheep_little_box, minmay_manual_mandibuliform
Temple:   nicolae_temple_x_marks_the_god
Abyss:1:  base:
D:5

Skill      XL: |  1  2  3  4  5  6  7  8  9 10 |
---------------+-------------------------------+-----
Dodging        | 2 |  2.0
Throwing       | 1 2 3 5 6 |  6.0
Fighting       | 2 3 5 6 |  6.9
Unarmed Combat | 3 4 6 7 8 |  8.2
Spellcasting   | 2 3 |  3.0
Translocations | 3 4 |  4.0
Evocations     | 2 3 |  3.0
Invocations    | 1 2 |  2.6

Action                   |  1- 3 |  4- 6 |  7- 9 | 10-12 || total
-------------------------+-------+-------+-------+-------++-------
Melee: Unarmed           |   139 |   172 |   275 |    30 ||   616
       Punch             |     2 |     1 |     8 |       ||    11
Throw: Boomerang         |       |     2 |     1 |       ||     3
       Javelin           |       |     5 |    13 |     6 ||    24
       Throwing net      |       |       |       |     1 ||     1
 Cast: Blink             |       |       |     4 |     6 ||    10
Invok: Bend Time         |       |       |       |     1 ||     1
Evoke: Wand              |       |       |     3 |     6 ||     9
  Use: Potion            |       |     4 |     1 |     2 ||     7
       Scroll            |       |     2 |       |    13 ||    15
 Stab: Sleeping          |       |       |     1 |       ||     1
Armor: Robe              |    51 |    52 |    55 |     7 ||   165
       Skin              |       |    56 |       |       ||    56
Dodge: Dodged            |    82 |    93 |   176 |    19 ||   370
